 Dungeon Crawl Stone Soup version 0.29-a0-334-gb41bcbb86e (webtiles) character file.

Game seed: 16966785033478749411

16008 spaghetti the Earth Mage (level 12, -5/120 HPs)
             Began as a Deep Dwarf Earth Elementalist on Apr 14, 2022.
             Was a High Priest of Makhleb.
             Slain by an orc warrior
             ... wielding a +0 battleaxe
              (16 damage)
             ... on level 1 of the Orcish Mines.
             The game lasted 00:32:08 (15347 turns).

spaghetti the Earth Mage (DDEE)                    Turns: 15347, Time: 00:32:09

Health: -5/120     AC: 15    Str: 10 (11) XL:     12   Next: 6%
Magic:  26/26 (17) EV:  3    Int: 22      God:    Makhleb [*****.]
Gold:   1234       SH:  5    Dex: 13      Spells: 4/19 levels left

rFire   . . .      SeeInvis .   c - +10 lajatang "Fodesh" {freeze, Stlth+, staff}
rCold   x . .      Faith    .   (shield currently unavailable)
rNeg    . . .      Spirit   .   u - +0 plate armour "Yduqec" {rC- rCorr MP+9 Slay+3}
rPois   +          Reflect  +   (no helmet)
rElec   .          Harm     .   t - +0 cloak
rCorr   +          Rampage  .   (no gloves)
Will    +....                   (no boots)
Stlth   ..........              T - amulet of reflection
HPRegen 0.00/turn               k - ring of poison resistance
MPRegen 0.20/turn               A - +4 ring of protection

@: unable to read
A: damage resistance, heal wounds, sense surroundings 2, no regeneration,
deterioration 1, inability to read while threatened, sturdy frame 1
a: Heal Wounds, Renounce Religion, Minor Destruction, Lesser Servant of Makhleb,
Major Destruction, Greater Servant of Makhleb


You were on level 1 of the Orcish Mines.
You worshipped Makhleb.
Makhleb was extremely pleased with you.
You visited 2 branches of the dungeon, and saw 13 of its levels.

You collected 1234 gold pieces.


Innate Abilities, Weirdness & Mutations

You are resistant to damage.
You can heal yourself by infusing magical energy.
You passively map the area around you.
You do not regenerate.
Your body sometimes deteriorates upon taking damage.
You sometimes lose the ability to read scrolls when taking damage.
Your movements are slightly less encumbered by armour. (ER -2)


   Skills:
 - Level 11.1 Fighting
 - Level 4.8 Staves
 - Level 2.1 Dodging
 - Level 2.4 Stealth
 - Level 4.0 Spellcasting
 + Level 6.1 Conjurations
 - Level 0.8 Transmutations
 + Level 16.2 Earth Magic


You had 4 spell levels left.
You knew the following spells:

 Your Spells              Type           Power      Damage    Failure   Level
a - Sandblast             Erth           100%       2d20      2%          1
b - Passwall              Tmut/Erth      34%        N/A       63%         2
c - Stone Arrow           Conj/Erth      100%       3d13      50%         3
d - Petrify               Tmut/Erth      41%        N/A       99%         4
e - Borgnjor's Vile Clut  Necr/Erth      20%        N/A       100%        5

Your spell library contained the following spells:

 Spells                   Type           Power      Damage    Failure   Level
 Ensorcelled Hibernation  Hex/Ice        8%         N/A       100%        2
 Gell's Gravitas          Tloc           4%         N/A       100%        3
 Lesser Beckoning         Tloc           4%         N/A       100%        3
 Swiftness                Air            4%         N/A       100%        3
 Teleport Other           Tloc           4%         N/A       100%        3
 Tukima's Dance           Hex            4%         N/A       100%        3
 Airstrike                Air            2%         N/A       100%        4
 Anguish                  Hex/Necr       2%         N/A       100%        4
 Summon Lightning Spire   Summ/Air       4%         N/A       100%        4
 Alistair's Intoxication  Tmut/Pois      4%         N/A       100%        5
 Lightning Bolt           Conj/Air       8%         1d21      100%        5
 Eringya's Noxious Bog    Tmut/Pois      3%         N/A       100%        6
 Enfeeble                 Hex            2%         N/A       100%        7

Inventory:

Hand Weapons
 c - the +10 lajatang "Fodesh" (weapon) {freeze, Stlth+, staff}
   (You acquired it on level 10 of the Dungeon)

   It freezes those it strikes, dealing additional cold damage.
   It can also slow down cold-blooded creatures.
   Stlth:     It makes you more stealthy.
 s - a +4 quarterstaff of chaos {staff}
   (You took it off Crazy Yiuf on level 2 of the Dungeon)
Missiles
 a - 195 stones (quivered) {throwing}
 i - 3 silver javelins {throwing}
 n - 15 poisoned darts {throwing}
 q - 15 javelins {throwing}
 v - 13 boomerangs {throwing}
 z - 3 boomerangs of dispersal {=f!fthrowing}
 Q - 2 curare-tipped darts {=fthrowing}
Armour
 m - the +3 leather armour of Winiulil {*Corrode +Inv MP+9 Str+8}
   (You found it on level 2 of the Dungeon)

   Str:       It affects your strength (+8).
   MP:        It affects your magic capacity (+9).
   +Inv:      It lets you turn invisible.
   *Corrode:  It may corrode you when you take damage.
 t - a +0 cloak (worn)
   (You took it off Crazy Yiuf on level 2 of the Dungeon)
 u - the +0 plate armour "Yduqec" (worn) {rC- rCorr MP+9 Slay+3}
   (You found it on level 3 of the Dungeon)

   Slay:      It affects your accuracy & damage with ranged weapons and melee
   (+3).
   rC:        It makes you vulnerable to cold.
   MP:        It affects your magic capacity (+9).
   rCorr:     It protects you from acid and corrosion.
Magical Staves
 g - a staff of poison {!astaff}
   (You found it on level 10 of the Dungeon)
Jewellery
 k - a ring of poison resistance (left hand)
   (You found it on level 1 of the Dungeon)
 A - a +4 ring of protection (right hand)
   (You found it on level 4 of the Dungeon)
 D - a ring of see invisible
   (You found it on level 5 of the Dungeon)
 G - a ring of protection from fire
   (You found it on level 6 of the Dungeon)
 K - a ring of willpower
   (You found it on level 6 of the Dungeon)
 O - an amulet of guardian spirit
   (You found it on level 8 of the Dungeon)
 T - an amulet of reflection (around neck)
   (You found it on level 9 of the Dungeon)
Wands
 e - a wand of acid (4)
   (You took it off Erolcha on level 10 of the Dungeon)
 j - a wand of flame (10)
   (You found it on level 11 of the Dungeon)
 H - a wand of iceblast (18)
   (You found it on level 6 of the Dungeon)
 M - a wand of mindburst (3)
   (You found it on level 8 of the Dungeon)
 R - a wand of polymorph (5)
   (You found it on level 9 of the Dungeon)
Scrolls
 d - a scroll of identify {@r1}
 h - a scroll of silence {!r}
 l - 4 scrolls of enchant weapon
 o - 5 scrolls of teleportation {@r4}
 r - a scroll of vulnerability {!r!r}
 w - 5 scrolls of magic mapping {!r}
 y - 3 scrolls of immolation {!r!r}
 B - a scroll of blinking {!r}
 C - 3 scrolls of fog
 F - a scroll of torment {!r}
 I - a scroll of amnesia
 S - a scroll of enchant armour
Potions
 f - 2 potions of degeneration {!q@e2}
 p - 3 potions of lignification {!q}
 x - 3 potions of mutation {!q}
 E - a potion of might
 L - a potion of haste {@q3}

Dungeon Overview and Level Annotations

Branches:
Dungeon (11/15)            Temple (0/1) D:7             Orc (2/2) D:11
    Elf (0/3) Orc:2
   Lair: D:8-11

Altars:
Cheibriados
Elyvilon
Fedhas
Gozag
Hepliaklqana
Kikubaaqudgha
Makhleb
Okawaru
Qazlal
Uskayaw
Wu Jian
Yredelemnul
Zin

Shops:
D:2 :   D:11 *

Annotations:
D:10 exclusions: electric eel and kobold brigand
D:11 1 runed translucent door

.....# .....### .#.....#
###...#### ###
#...).##.# ##.##
##..#.#..# #...##
....##)).######....##
...##.......##.)))..##
.###...........)@o...##
#.#.....##......))....##
###...#####....#.#.....#
#...#######..#####....#
#.#..#.#.#...## #...#.#
*
,####...#......###...###
*, **#...........#...##
, , ##.....###......# **
* ,#....## ###...## * ,
,


You could see an orc warrior.


Message History

You regained 21 hp, and now have 44/120 hp.
Unknown command.
Unknown command.
You closely miss the orc. You block the orc's attack.
The orc hits you but does no damage. You block the orc's attack.
The orc hits you but does no damage. x3
The orc warrior hits you but does no damage.
You slice the orc!! You freeze the orc.
You kill the orc!
Makhleb accepts your kill.
You feel better. The orc hits you but does no damage.
The orc hits you with a +0 flail. The orc hits you but does no damage.
You block the orc's attack. The orc hits you but does no damage.
The orc warrior hits you with a +0 battleaxe!
* * * LOW HITPOINT WARNING * * *
😨 HP[-5]
You take 5 damage, and now have 39/120 hp.
You slash the orc! You freeze the orc.
You kill the orc!
Makhleb accepts your kill.
You feel better. The orc hits you with a +4 dagger.
* * * LOW HITPOINT WARNING * * *
You block the orc's attack. The orc hits you with a +0 whip.
You block the orc's attack.
The orc warrior hits you but does no damage.
You slash the orc! You freeze the orc.
You kill the orc!
Makhleb accepts your kill.
You feel better.
You can read scrolls again.
The orc hits you but does no damage. x3
The orc warrior hits you with a +0 battleaxe. 😨 HP[+1]
You slice the orc!! You freeze the orc.
You kill the orc!
Makhleb accepts your kill.
You feel better. The orc hits you but does no damage.
The orc warrior hits you with a +0 battleaxe!
* * * LOW HITPOINT WARNING * * *
The orc hits you but does no damage. 😨 HP[-7]
You take 7 damage, and now have 33/120 hp.
You closely miss the orc. The orc barely misses you.
The orc warrior hits you with a +0 battleaxe.
The orc hits you but does no damage.
You barely miss the orc. The orc hits you but does no damage.
The orc warrior hits you with a +0 battleaxe.
The orc barely misses you.
You slash the orc! You freeze the orc.
You kill the orc!
Makhleb accepts your kill.
You feel better. The orc hits you but does no damage.
You block the orc warrior's attack. The orc hits you but does no damage.
You block the orc warrior's attack. 😨 HP[+1]
You barely miss the orc. You block the orc's attack.
The orc warrior hits you with a +0 battleaxe!
You feel threatened and lose the ability to read scrolls!
* * * LOW HITPOINT WARNING * * *
😱 HP[-9]
You take 9 damage, and now have 25/120 hp.
Unknown command.
You slash the orc! You freeze the orc.
You kill the orc!
Makhleb accepts your kill.
You feel better.
The orc warrior hits you with a +0 battleaxe.
* * * LOW HITPOINT WARNING * * *
You barely miss the orc warrior. You block the orc warrior's attack.
Casting: Sandblast (safe; 1% risk of failure)
Confirm with . or Enter, or press ? or * to list all spells.
Aiming: Sandblast (safe; 1% risk of failure)
Press: ? - help, Shift-Dir - straight line, f - orc warrior
Aim: an orc warrior, wielding a +0 battleaxe, wearing a +0 plate armour and quivering boomerangs of dispersal (84% to hit)
The blast of sand misses the orc warrior.
a - 195 stones {throwing} The orc warrior hits you with a +0 battleaxe!
* * * LOW HITPOINT WARNING * * *
😱 HP[-14] MP[-1]
You take 14 damage, and now have 11/120 hp.
You lost 1 mp, and now have 25/26 mp.
You feel much better.
You can read scrolls again.
The orc warrior hits you with a +0 battleaxe!
You feel threatened and lose the ability to read scrolls!
* * * LOW HITPOINT WARNING * * *
😱 HP[+14]
You regained 14 hp, and now have 25/120 hp.
You hit the orc warrior but do no damage.
The orc warrior hits you but does no damage.
You slice the orc warrior!! You freeze the orc warrior!
The orc warrior hits you with a +0 battleaxe!
* * * LOW HITPOINT WARNING * * *
Your body deteriorates!
You feel weakened. 😱 HP[-14]
You take 14 damage, and now have 11/120 hp.
Unknown command.
You hit the orc warrior but do no damage.
The orc warrior hits you with a +0 battleaxe!
You die...

Skill      XL: |  1  2  3  4  5  6  7  8  9 10 11 12 |
---------------+-------------------------------------+-----
Spellcasting   | 2 3 4 |  4.0
Conjurations   | 1 2 3 4 5 6 |  6.1
Fighting       | 1 2 3 5 8 10 11 | 11.1
Earth Magic    | 5 6 7 9 12 14 16 | 16.2
Staves         | 1 4 |  4.8
Dodging        | |  2.1
Stealth        | |  2.4
Transmutations | |  0.8

Action                   |  1- 3 |  4- 6 |  7- 9 | 10-12 || total
-------------------------+-------+-------+-------+-------++-------
Melee: Unarmed           |     5 |       |       |       ||     5
       Dagger            |     1 |       |       |       ||     1
       Quarterstaff      |       |     6 |    16 |     4 ||    26
       Lajatang          |       |       |       |    69 ||    69
Throw: Stone             |       |    25 |    58 |    87 ||   170
 Cast: Sandblast         |    41 |     9 |    16 |   127 ||   193
       Stone Arrow       |     9 |    65 |   127 |    87 ||   288
       Borgnjor's Vile C |       |       |       |     5 ||     5
       Petrify           |       |       |       |     3 ||     3
Invok: Lesser Servant of |       |       |       |     3 ||     3
 Abil: Heal Wounds       |       |       |       |     8 ||     8
  Use: Scroll            |       |       |       |    21 ||    21
       Potion            |       |       |       |    16 ||    16
Armor: Robe              |     2 |       |       |       ||     2
       Leather armour    |       |     7 |    18 |     6 ||    31
       Plate armour      |       |       |       |    98 ||    98
Dodge: Dodged            |     8 |    10 |    35 |    55 ||   108
Block: Other             |       |       |       |    31 ||    31

Levels and vault maps discovered:
D:1:      lightli_arrival_windingriver, layout_basic,
          shapermc_ecumenical_altar_ellora
D:2:      layout_basic, serial_shops, shop, minivault_5, minmay_hexomino_u4,
          uniq_crazy_yiuf_cottage
D:3:      layout_basic, uniq_sigmund
D:4:      layout_basic, mainiacjoe_overflow_paths, sigmund_army, uniq_grinder,
          uniq_pargi
D:5:      layout_rooms, kennysheep_ying_yang,
          nicolae_concentric_dashed_squares_mild
D:6:      layout_loops_corners, amcnicky_altar_gilded, serial_glass,
          glass_columns_a, glass_columns_c, glass_columns_b, glass_columns_b,
          glass_columns_a, glass_columns_a
D:7:      layout_loops_ring, nicolae_overflow_hallway_of_the_gods,
          minmay_temple_entry_glass, uniq_prince_ribbit1
D:8:      layout_loops_corners, eat_drink_and_be_merry_uskayaw
D:9:      layout_loops_corners
D:10:     minmay_angry_zag, layout_basic, general_overflow_altar,
          fedhas_bush_and_centaur_altar, uniq_grum, uniq_urug, uniq_lodul,
          uniq_josephine, uniq_erolcha
D:11:     layout_small_grid, dpeg_lair_monsters, zombieorc2_lemuel,
          serial_shops, shop, minmay_st_funbox, zin_angel
Orc:1:    layout_diamond_mine, basic_altar, uniq_sonja
Orc:2:    pubby_orc_utopia, uniq_jorgrun

Notes
Turn   | Place    | Note
-------+----------+-------------------------------------------
     0 | D:1      | spaghetti the Deep Dwarf Earth Elementalist began the quest
                  | for the Orb.
     0 | D:1      | Reached XP level 1. HP: 15/15 MP: 3/3
     0 | D:1      | magus.rc [v1.9.6]
   101 | D:1      | Found a faded altar of an unknown god.
   104 | D:1      | Reached skill level 2 in Spellcasting
   175 | D:1      | Prayed at the altar of an unknown god.
   175 | D:1      | Became a worshipper of Makhleb the Destroyer
   175 | D:1      | Reached * piety under Makhleb
   267 | D:1      | Reached XP level 2. HP: 10/22 MP: 1/5
   458 | D:1      | You add the spells Alistair's Intoxication, Borgnjor's Vile
                  | Clutch and Eringya's Noxious Bog to your library.
   595 | D:1      | You pick up a book of Geomancy and begin reading...
   615 | D:1      | Reached skill level 3 in Spellcasting
   729 | D:1      | Learned a level 2 spell: Passwall
   894 | D:1      | Reached XP level 3. HP: 18/28 MP: 5/7
  1095 | D:1      | Learned a level 3 spell: Stone Arrow
  1108 | D:1      | Reached ** piety under Makhleb
  1446 | D:2      | Identified the +3 leather armour of Winiulil {*Corrode +Inv
                  | MP+9 Str+8}
  1469 | D:2      | Found Bakog's Book Shoppe.
  1682 | D:2      | Reached XP level 4. HP: 34/36 MP: 4/8
  1946 | D:2      | Reached skill level 1 in Conjurations
  2303 | D:2      | Reached skill level 1 in Fighting
  2309 | D:2      | Reached XP level 5. HP: 44/44 MP: 5/10
  2462 | D:2      | Found a runed translucent door.
  2463 | D:2      | Noticed Crazy Yiuf
  3121 | D:2      | Killed Crazy Yiuf
  3351 | D:3      | You pick up a book of Maledictions and begin reading...
  3351 | D:3      | You add the spells Tukima's Dance, Anguish and Enfeeble to
                  | your library.
  3674 | D:3      | Identified the +0 plate armour "Yduqec" {rC- rCorr MP+9
                  | Slay+3}
  3701 | D:3      | Reached skill level 5 in Earth Magic
  4039 | D:3      | Noticed Sigmund
  4043 | D:3      | Killed Sigmund
  4044 | D:3      | Reached skill level 2 in Fighting
  4044 | D:3      | Reached skill level 4 in Spellcasting
  4044 | D:3      | Reached skill level 2 in Conjurations
  4044 | D:3      | Reached XP level 6. HP: 52/52 MP: 10/12
  4605 | D:4      | You pick up a book of Storms and begin reading...
  4605 | D:4      | You add the spells Airstrike, Summon Lightning Spire and
                  | Lightning Bolt to your library.
  4648 | D:4      | Reached *** piety under Makhleb
  4769 | D:4      | Found a snail-covered altar of Cheibriados.
  4833 | D:4      | Noticed a water moccasin
  4838 | D:4      | Killed a water moccasin
  4839 | D:4      | Reached skill level 3 in Conjurations
  4839 | D:4      | Reached skill level 6 in Earth Magic
  4839 | D:4      | Reached XP level 7. HP: 61/61 MP: 9/13
  5042 | D:4      | Noticed Grinder
  5044 | D:4      | Paralysed by Grinder for 5 turns
  5054 | D:4      | Paralysed by Grinder for 3 turns
  5060 | D:4      | Killed Grinder
  5061 | D:4      | Reached skill level 3 in Fighting
  5310 | D:4      | Noticed Pargi
  5318 | D:4      | Killed Pargi
  5538 | D:4      | Reached skill level 7 in Earth Magic
  5721 | D:4      | Reached skill level 4 in Conjurations
  6041 | D:5      | Entered Level 5 of the Dungeon
  6057 | D:5      | Reached XP level 8. HP: 34/72 MP: 9/14
  6206 | D:5      | Reached skill level 4 in Fighting
  6651 | D:5      | Reached skill level 8 in Earth Magic
  6705 | D:5      | Found a basalt altar of Yredelemnul.
  6712 | D:5      | You pick up a book of Geomancy and begin reading...
  7056 | D:5      | Found a white marble altar of Elyvilon.
  7236 | D:6      | Reached skill level 5 in Conjurations
  7285 | D:6      | Noticed a troll
  7287 | D:6      | Killed a troll
  7288 | D:6      | Reached skill level 5 in Fighting
  7481 | D:6      | Reached skill level 9 in Earth Magic
  8074 | D:6      | Gained mutation: You passively map the area around you.
                  | [Deep Dwarf growth]
  8074 | D:6      | Reached XP level 9. HP: 57/82 MP: 14/15
  8079 | D:6      | Learned a level 4 spell: Petrify
  8085 | D:6      | Learned a level 5 spell: Borgnjor's Vile Clutch
  8310 | D:6      | Found a stormy altar of Qazlal.
  8509 | D:7      | Reached skill level 6 in Fighting
  8537 | D:7      | Found a staircase to the Ecumenical Temple.
  8757 | D:7      | Reached skill level 10 in Earth Magic
  9045 | D:7      | You pick up a book of Burglary and begin reading...
  9045 | D:7      | You add the spells Ensorcelled Hibernation and Swiftness to
                  | your library.
  9139 | D:7      | Noticed Prince Ribbit
  9145 | D:7      | Killed Prince Ribbit
  9146 | D:7      | Reached skill level 7 in Fighting
  9234 | D:7      | Reached skill level 11 in Earth Magic
  9444 | D:7      | Found an opulent altar of Gozag.
  9454 | D:7      | Found an ancient bone altar of Kikubaaqudgha.
  9461 | D:7      | Found a burning altar of Makhleb.
  9464 | D:7      | Found a glowing silver altar of Zin.
  9466 | D:7      | Found an ornate altar of the Wu Jian Council.
  9471 | D:7      | Found an iron altar of Okawaru.
  9870 | D:8      | Reached **** piety under Makhleb
 10079 | D:8      | You pick up a book of Burglary and begin reading...
 10082 | D:8      | Found a hide-covered altar of Uskayaw.
 10132 | D:8      | Reached skill level 12 in Earth Magic
 10139 | D:8      | Reached skill level 8 in Fighting
 10143 | D:8      | Reached XP level 10. HP: 63/96 MP: 2/16
 11429 | D:9      | Noticed a two-headed ogre
 11435 | D:9      | Killed a two-headed ogre
 11436 | D:9      | Reached skill level 13 in Earth Magic
 11789 | D:9      | Reached skill level 9 in Fighting
 12456 | D:10     | Entered Level 10 of the Dungeon
 12457 | D:10     | Noticed a two-headed ogre
 12537 | D:10     | Noticed Josephine
 12540 | D:10     | Killed a two-headed ogre
 12547 | D:10     | Reached skill level 14 in Earth Magic
 12555 | D:10     | HP: 14/95 [Josephine/vampiric draining (21)]
 12556 | D:10     | Killed Josephine
 12673 | D:10     | Identified a scroll of acquirement
 12677 | D:10     | Acquired the +10 lajatang "Fodesh" {freeze, Stlth+}
 12686 | D:10     | Noticed a two-headed ogre
 12691 | D:10     | Killed a two-headed ogre
 12692 | D:10     | Reached skill level 10 in Fighting
 12692 | D:10     | Reached skill level 1 in Staves
 12692 | D:10     | Reached XP level 11. HP: 27/108 MP: 16/17
 12700 | D:10     | Noticed Lodul
 12825 | D:10     | Noticed Erolcha
 12835 | D:10     | Killed Erolcha
 12836 | D:10     | Reached skill level 2 in Staves
 12850 | D:10     | Reached skill level 15 in Earth Magic
 12967 | D:10     | Noticed Urug
 13038 | D:10     | Noticed a two-headed ogre
 13046 | D:10     | Killed Lodul
 13047 | D:10     | Reached skill level 3 in Staves
 13140 | D:10     | HP: 20/110 [two-headed ogre/+0 giant spiked club (11)]
 13141 | D:10     | Killed a two-headed ogre
 13149 | D:10     | HP: 20/110 [Urug/+2 glaive (20)]
 13150 | D:10     | HP: 8/110 [Urug/+2 glaive (7)]
 13151 | D:10     | Killed Urug
 13385 | D:10     | Gained mutation: You sometimes lose the ability to read
                  | scrolls when taking damage. [potion of mutation]
 13385 | D:10     | Gained mutation: Your body sometimes deteriorates upon
                  | taking damage. [potion of mutation]
 13385 | D:10     | Gained mutation: Your movements are slightly less
                  | encumbered by armour. (ER -2) [potion of mutation]
 13556 | D:10     | Reached ***** piety under Makhleb
 13596 | D:10     | Noticed Grum
 13600 | D:10     | HP: 18/110 [Grum/+1 spear (4)]
 13601 | D:10     | Killed Grum
 13609 | D:10     | HP: 12/110 [wolf[Grum] (4)]
 13613 | D:10     | Reached skill level 4 in Staves
 13668 | D:10     | Noticed a two-headed ogre
 13675 | D:10     | HP: 26/110 [two-headed ogre/+0 giant club (4)]
 13676 | D:10     | Killed a two-headed ogre
 13810 | D:10     | HP: 27/110 [wraith (1)]
 13858 | D:10     | Found a hazy altar of Hepliaklqana.
 14027 | D:10     | Found a blossoming altar of Fedhas.
 14050 | D:10     | Reached skill level 11 in Fighting
 14467 | D:11     | Found Utsuym's Assorted Antiques.
 14536 | D:11     | Noticed an orc sorcerer
 14551 | D:11     | Killed an orc sorcerer
 14657 | D:11     | Reached skill level 16 in Earth Magic
 14702 | D:11     | Found a staircase to the Orcish Mines.
 14806 | D:11     | You pick up a book of Displacement and begin reading...
 14806 | D:11     | You add the spells Lesser Beckoning, Gell's Gravitas and
                  | Teleport Other to your library.
 14809 | D:11     | Noticed a deep elf pyromancer
 14809 | D:11     | Noticed an orc knight
 14810 | D:11     | Noticed a sphinx
 14811 | D:11     | Noticed a boulder beetle
 14815 | D:11     | Found a runed translucent door.
 14891 | D:11     | Found a glowing silver altar of Zin.
 14891 | D:11     | Noticed an angel
 14929 | D:11     | HP: 24/111 [freezing wraith (8)]
 14929 | D:11     | HP: 7/111 [freezing wraith (17)]
 14959 | D:11     | HP: 21/111 [orc warrior/+0 battleaxe[an orc knight] (12)]
 14962 | D:11     | Reached XP level 12. HP: 22/120 MP: 18/18
 14991 | D:11     | Reached skill level 6 in Conjurations
 15067 | D:11     | Noticed a death yak
 15070 | D:11     | Noticed a death yak
 15177 | Orc:1    | Entered Level 1 of the Orcish Mines
 15201 | Orc:1    | HP: 30/120 [orc wizard/magic dart (1)]
 15202 | Orc:1    | HP: 11/120 [orc warrior/+0 dire flail (7)]
 15326 | Orc:2    | Entered Level 2 of the Orcish Mines
 15330 | Orc:1    | HP: 23/120 [orc warrior/+0 battleaxe (15)]
 15340 | Orc:1    | HP: 25/120 [orc warrior/+0 battleaxe (9)]
 15343 | Orc:1    | HP: 11/120 [orc warrior/+0 battleaxe (14)]
 15347 | Orc:1    | Slain by an orc warrior

Vanquished Creatures
  Josephine (D:10)
  Erolcha (D:10)
  5 two-headed ogres
  Urug (D:10)
  Lodul (D:10)
  An orc sorcerer (D:11)
  A cyclops (D:10)
  A gargoyle (D:10)
  A kobold demonologist (D:10)
  A freezing wraith (D:11)
  A troll (D:6)
  A hornet (D:7)
  Prince Ribbit (D:7)
  Grinder (D:4)
  Sigmund (D:3)
  2 shadows (D:11)
  5 wraiths
  7 yaks
  Grum (D:10)
  A steam dragon (D:10)
  A vampire mosquito (D:10)
  2 water moccasins
  Pargi (D:4)
  An ice beast (D:8)
  4 orc warriors
  2 sky beasts
  A black bear (D:6)
  2 ogres
  4 wolves (D:10)
  3 centaurs
  2 phantoms
  5 kobold brigands
  3 scorpions
  2 necrophages
  A gnoll sergeant (D:10)
  5 wights (D:7)
  2 troll zombies (D:11)
  14 killer bees
  An electric eel (D:10)
  4 howler monkeys
  3 hounds
  5 orc priests
  3 jellies
  Crazy Yiuf (D:2)
  A gnoll shaman (D:7)
  3 iguanas
  8 orc wizards
  A hell rat (D:11)
  6 ogre zombies (D:11)
  6 gnolls
  10 adders
  A shadow imp (D:4)
  A white imp (D:7)
  An ufetubus (D:7)
  3 worms
  3 dart slugs
  29 orcs
  6 ball pythons
  4 endoplasms
  3 giant cockroaches
  9 goblins
  8 hobgoblins
  11 jackals
  7 quokkas
  4 bats
  4 frilled lizards
  A goblin skeleton (D:11)
  A goblin zombie (D:11)
  2 hobgoblin zombies (D:11)
  16 kobolds
  2 orc skeletons (D:11)
  18 orc zombies (D:11)
  12 rats
288 creatures vanquished.

Vanquished Creatures (collateral kills)
  An orc knight (D:11)
  A gargoyle (D:10)
  An acid dragon (D:10)
  A gnoll sergeant (D:10)
  3 gnolls (D:10)
7 creatures vanquished.

Grand Total: 295 creatures vanquished

Table legend:
 A = Non-vault XP
 B = Vault XP
 C = Vault XP percentage of total XP
 D = Non-vault monster count
 E = Vault monster count
 F = Vault count percentage of total count
                 A         B        C        D         E       F
            +---------+---------+-------+---------+---------+-------
      Total |   10965 |   11904 |  52.1 |     216 |      79 |  26.8
            +---------+---------+-------+---------+---------+-------
        D:1 |      51 |       0 |   0.0 |      30 |       0 |   0.0
        D:2 |     132 |      59 |  30.9 |      31 |       5 |  13.9
        D:3 |      98 |     239 |  70.9 |      18 |       1 |   5.3
        D:4 |     337 |     412 |  55.0 |      21 |       4 |  16.0
        D:5 |     696 |       0 |   0.0 |      13 |       0 |   0.0
        D:6 |     916 |       0 |   0.0 |      11 |       0 |   0.0
        D:7 |    1087 |     277 |  20.3 |      16 |       1 |   5.9
        D:8 |    2147 |       0 |   0.0 |      22 |       0 |   0.0
        D:9 |    1650 |     209 |  11.2 |      21 |       1 |   4.5
       D:10 |    2128 |    9454 |  81.6 |      19 |      24 |  55.8
       D:11 |    1516 |    1236 |  44.9 |       7 |      37 |  84.1
      Orc:1 |     207 |      18 |   8.0 |       7 |       6 |  46.2
            +---------+---------+-------+---------+---------+-------

Illustrated notes

Table legend:
 A = Kills in this place as a percentage of kills in entire the game.
 B = Kills by you in this place as a percentage of kills by you in the entire game.
 C = Kills by friends in this place as a percentage of kills by friends in the entire game.
 D = Other kills in this place as a percentage of other kills in the entire game.
 E = Experience gained in this place as a percentage of experience gained in the entire game.
 F = Experience gained in this place divided by the number of levels of this place that you have seen.
                   A       B       C       D       E      F
               +-------+-------+-------+-------+-------+----------------------
         Total | 100.0 | 100.0 | 100.0 |   N/A | 100.0 | 1759.2
       Dungeon |  95.6 |  95.5 | 100.0 |   N/A |  99.0 | 2058.5
  Orcish Mines |   4.4 |   4.5 |   0.0 |   N/A |   1.0 | 112.5
               +-------+-------+-------+-------+-------+----------------------

Table legend: (Time is in decaauts)
 A = Elapsed time spent in this place.
 B = Non-inter-level travel time spent in this place.
 C = Inter-level travel time spent in this place.
 D = Time resting spent in this place.
 E = Time spent auto-exploring this place.
 F = Levels seen in this place.
 G = Mean time per level.
                   A        B        C        D        E       F      G
               +--------+--------+--------+--------+--------+-----+--------+
         Total |  15423 |  14956 |    467 |   2128 |  11195 |  13 | 1186.4 |
       Dungeon |  15269 |  14824 |    445 |   2128 |  11111 |  11 | 1388.1 |
  Orcish Mines |    153 |    132 |     21 |      0 |     84 |   2 |   76.5 |
               +--------+--------+--------+--------+--------+-----+--------+

Top non-repeatable levels by time:
     D:2: 1972 daAuts
    D:10: 1933 daAuts
     D:4: 1875 daAuts
     D:6: 1439 daAuts
     D:9: 1437 daAuts
     D:8: 1282 daAuts
     D:1: 1224 daAuts
     D:7: 1123 daAuts
     D:3: 1106 daAuts
     D:5: 1056 daAuts
    D:11: 818 daAuts
   Orc:1: 151 daAuts
   Orc:2: 2 daAuts
